 Dungeon Crawl Stone Soup version 0.26.0-10-g1f06aea511 (webtiles) character file.

Game seed: 371401040728475233

113 Dirian the Slasher (level 4, -1/38 HPs)
             Began as a Minotaur Gladiator on Jan 21, 2021.
             Slain by an orc priest (5 damage)
             ... on level 3 of the Dungeon.
             The game lasted 00:02:36 (1806 turns).

Dirian the Slasher (Minotaur Gladiator)             Turns: 1806, Time: 00:02:36

Health: -1/38      AC:  3    Str: 19    XL:     4   Next: 65%
Magic:  3/3        EV: 12    Int:  5    God:
Gold:   120        SH:  4    Dex: 12    Spells: 3/3 levels left

rFire    . . .     SeeInvis .   a - +0 long sword
rCold    . . .     Faith    .   l - +0 buckler
rNeg     . . .     Spirit   .   b - +0 leather armour
rPois    .         Reflect  .   c - +0 hat
rElec    .         Harm     .   (no cloak)
rCorr    .         Rampage  .   (no gloves)
Will     .....                  (no boots)
Stlth    +.........             (no amulet)
HPRegen  0.12/turn              (no ring)
MPRegen  0.08/turn              (no ring)

@: no status effects
A: retaliatory headbutt, horns 2
a: no special abilities


You were on level 3 of the Dungeon.
You visited 1 branch of the dungeon, and saw 3 of its levels.

You collected 120 gold pieces.

Inventory:

Hand Weapons
 a - a +0 long sword (weapon)
Missiles
 d - 4 throwing nets (quivered)
Armour
 b - a +0 leather armour (worn)
 c - a +0 hat (worn)
 l - a +0 buckler (worn)
Jewellery
 k - an uncursed ring of resist corrosion {unknown}
 o - an uncursed amulet of reflection {unknown}
 r - a cursed -4 ring of protection {unknown}
 u - an uncursed ring of stealth {unknown}
Wands
 p - a wand of acid (5)
Scrolls
 e - a scroll of magic mapping {unknown}
 f - a scroll of teleportation {unknown}
 h - 4 scrolls of identify {unknown}
 i - a scroll of blinking {unknown}
 n - a scroll of fog {unknown}
 s - a scroll of remove curse {unknown}
 t - a scroll of immolation {unknown}
Potions
 g - a potion of lignification {unknown}
 j - a potion of might {unknown}
 m - a potion of attraction {unknown}
 q - a potion of curing {unknown}


   Skills:
 + Level 3.1 Fighting
 + Level 4.7 Long Blades
 - Level 2.0 Throwing
 * Level 1.8 Armour
 + Level 3.8 Dodging
 * Level 1.6 Shields
 * Level 1.1 Evocations


You had 3 spell levels left.
You didn't know any spells.
Your spell library was empty.

Dungeon Overview and Level Annotations

Branches:
Dungeon (3/15)

Altars:


Innate Abilities, Weirdness & Mutations

You reflexively headbutt those who attack you in melee.
You have a pair of horns on your head.


Message History

You are too injured to fight recklessly!
You are too injured to fight recklessly!
You are too injured to fight recklessly!
You slash the orc priest!
The orc priest is heavily wounded.
The orc closely misses you.
The orc priest invokes the aid of Beogh against you.
Pain shoots through your body!
* * * LOW HITPOINT WARNING * * *
The frilled lizard misses you.
You riposte.
You barely miss the frilled lizard. You headbutt the frilled lizard.
You kill the frilled lizard!
You hit the orc priest.
The orc priest is heavily wounded.
You block the orc's attack. The orc priest hits you.
* * * LOW HITPOINT WARNING * * *
You hit the orc priest but do no damage.
The orc priest is heavily wounded.
The orc barely misses you. The orc priest hits you.
You die...

#.# ##+.# ..#...#. #.#
#.#.# ...#..... #.#..#.#
######...#....# #.#.#.#
#........#..... #..#.#
#........#....#
#.#.####......# #.....
#'.#.........# ###.##
##...##<.....# #.#
##+##..@##.....†#####.#
.......oo#####..<....[.#
###....#.r.o.###########.
##..#####oo..# #.. ...#
##. ..# .. .. # #


You could see an orc priest, an orc and a rat.

Vanquished Creatures
  4 adders
  3 worms
  4 dart slugs
  4 leopard geckos
  An orc (D:3)
  4 bats
  4 giant cockroaches
  3 goblins (D:1)
  8 hobgoblins
  8 jackals
  4 kobolds
  2 frilled lizards
  4 rats
53 creatures vanquished.

Notes
Turn   | Place    | Note
-------+----------+-------------------------------------------
     0 | D:1      | Dirian the Minotaur Gladiator began the quest for the Orb.
     0 | D:1      | Reached XP level 1. HP: 18/18 MP: 0/0
    91 | D:1      | Reached XP level 2. HP: 25/25 MP: 1/1
   214 | D:1      | Reached skill level 1 in Armour
   221 | D:1      | Reached skill level 4 in Long Blades
   609 | D:2      | Reached XP level 3. HP: 22/30 MP: 2/2
   612 | D:2      | Reached skill level 1 in Shields
   801 | D:2      | Reached skill level 1 in Evocations
  1134 | D:2      | Reached XP level 4. HP: 34/37 MP: 3/3
  1806 | D:3      | Slain by an orc priest

Illustrated notes

Levels and vault maps discovered:
D:1:      shiori_arrival_maze, layout_rooms, serial_curves, eino_curves_02,
          eino_curves_02, minmay_pentomino_s4
D:2:      layout_rooms, corexii_corridor_pit
D:3:      layout_basic, serial_glass, glass_columns_a, glass_columns_c,
          item_on_display_a, gammafunk_ghost_gnarly_gnolls,
          roderic_cross_of_infinity

Skill      XL: |  1  2  3  4 |
---------------+-------------+-----
Armour         | 1 |  1.8
Long Blades    | 4 |  4.7
Shields        | 1 |  1.6
Evocations     | 1 |  1.1
Fighting       | 3 |  3.1
Throwing       | |  2.0
Dodging        | |  3.8

Action                   |  1- 3 |  4- 6 || total
-------------------------+-------+-------++-------
Melee: Long sword        |    59 |    58 ||   117
       Headbutt          |    10 |     8 ||    18
Armor: Leather armour    |    11 |    14 ||    25
Dodge: Dodged            |    30 |    24 ||    54
Block: Buckler           |     7 |    12 ||    19
       Rpst.: Long sword |    11 |     8 ||    19
